 Dungeon Crawl Stone Soup version 0.20.1-1-g8b1a95d (webtiles) character file.

44 pstr the Conjurer (level 3, 0/19 HPs)
             Began as a Kobold Conjurer on Nov 12, 2017.
             Slain by a gnoll
             ... wielding a +0 spear
              (9 damage)
             ... on level 2 of the Dungeon.
             The game lasted 00:03:32 (1230 turns).

pstr the Conjurer (Kobold Conjurer)                 Turns: 1230, Time: 00:03:32

Health: 0/19       AC:  2    Str:  5    XL:     3   Next: 85%
Magic:  2/6        EV: 15    Int: 17    God:
Gold:   71         SH:  0    Dex: 15    Spells: 3/6 levels left

rFire    . . .     SeeInvis .   j - +0 short sword
rCold    . . .     Gourm    .   (shield restricted)
rNeg     . . .     Faith    .   a - +0 robe
rPois    .         Spirit   .   (no helmet)
rElec    .         Reflect  .   (no cloak)
rCorr    .         Harm     .   (no gloves)
MR       .....                  (no boots)
Stlth    ++........             (no amulet)
Regen    0.1/turn               (no ring)
MPRegen  0.1/turn               (no ring)

@: no status effects
A: carnivore 3
a: no special abilities


You were on level 2 of the Dungeon.
You were completely stuffed.

You visited 1 branch of the dungeon, and saw 2 of its levels.

You collected 71 gold pieces.

Inventory:

Hand Weapons
 j - a +0 short sword (weapon)
Missiles
 h - 65 stones (quivered)
Armour
 a - a +0 robe (worn)
 k - a +0 ring mail
Scrolls
 f - a scroll of enchant armour {unknown}
 i - 2 scrolls of teleportation {unknown}
 l - a scroll of noise {unknown}
Potions
 d - a potion of mutation {unknown}
 e - 2 potions of haste {unknown}
 g - a potion of degeneration {unknown}
 m - a potion of heal wounds {unknown}
Books
 b - a book of Conjurations

   Spells                             Type                      Level
   a - Magic Dart                     Conjuration                  1
   b - Searing Ray                    Conjuration                  2
   c - Dazzling Spray                 Conjuration/Hexes            3
   d - Fulminant Prism                Conjuration/Hexes            4
   e - Force Lance                    Conjuration/Translocation    4
   f - Iskenderun's Mystic Blast      Conjuration                  4
Comestibles
 c - 2 meat rations
 n - a chunk of flesh


   Skills:
 + Level 2.6 Dodging
 + Level 3.0 Stealth
 + Level 2.2 Spellcasting
 + Level 5.0 Conjurations


You had 3 spell levels left.
You knew the following spells:

 Your Spells              Type           Power        Failure   Level  Hunger
a - Magic Dart            Conj           ###.         2%          1    #......
b - Searing Ray           Conj           ###...       3%          2    ###....


Dungeon Overview and Level Annotations

Branches:
Dungeon (2/15)

Altars:

Annotations:
D:2 Natasha


Innate Abilities, Weirdness & Mutations

You are small and have problems with some larger weapons.
You are carnivorous and can eat meat at any time.


Message History

The gnoll closely misses you.
There is a stone staircase leading up here.
Casting: Searing Ray
Confirm with . or Enter, or press ? or * to list all spells.
Aiming: Searing Ray
Press: ? - help, Shift-Dir - straight line, f - gnoll
Aim: a gnoll, wielding a halberd The searing ray hits the gnoll.
The gnoll is severely wounded. (Press . to maintain the ray.)
The gnoll hits you with a spear!
Ouch! That really hurt!
The searing ray misses the gnoll.
The searing ray hits the gnoll.
The gnoll is lightly wounded.
The gnoll barely misses you. The gnoll misses you.
The searing ray misses the gnoll.
The searing ray hits the gnoll.
You kill the gnoll!
Your Conjurations skill increases to level 5!
The gnoll hits you with a spear!
You die...

#..#.# #.##
#.#.## #.# #....#
..# .
###..####.## .
##......#. ..
#####..####.#. ..
#........(....
...
#..##.######.##..
#..######.K#.
#.@# .
##...........
#g##
...†.######## #)#
##.#...##### #.#
#. ###..g..####.#
. #####.g....#
######.# ###


You could see a gnoll.

Vanquished Creatures
  2 gnolls (D:2)
  A giant cockroach (D:2)
  4 goblins (D:1)
  2 hobgoblins
  2 jackals
  A ball python (D:1)
  6 bats
  A frilled lizard (D:2)
  A kobold (D:1)
  4 rats (D:1)
24 creatures vanquished.

Notes
Turn   | Place    | Note
-------+----------+-------------------------------------------
     0 | D:1      | pstr the Kobold Conjurer began the quest for the Orb.
     0 | D:1      | Reached XP level 1. HP: 10/10 MP: 3/3
   249 | D:1      | Reached XP level 2. HP: 15/15 MP: 3/5
   253 | D:1      | Learned a level 2 spell: Searing Ray
   287 | D:2      | Noticed Natasha
   997 | D:2      | Reached XP level 3. HP: 19/19 MP: 3/6
  1230 | D:2      | Reached skill level 5 in Conjurations
  1230 | D:2      | Slain by a gnoll

Skill      XL: |  1  2  3 |
---------------+----------+-----
Stealth        | 3 |  3.0
Conjurations   | 5 |  5.0
Dodging        | |  2.6
Spellcasting   | |  2.2

Action                   || total
-------------------------++-------
Melee: Unarmed           ||     4
 Cast: Magic Dart        ||    26
       Searing Ray       ||    10
  Eat: Chunk             ||    10
Armor: Robe              ||     5
Dodge: Dodged            ||    24
